 Dungeon Crawl Stone Soup version 0.24-a0-375-g4de66ed42b (webtiles) character file.

Game seed: 13158261930075900608

116 ohad the Changer (level 4, 0/34 HPs)
             Began as a Demigod Transmuter on May 31, 2019.
             Succumbed to an adder's poison
             ... on level 3 of the Dungeon.
             The game lasted 00:06:42 (3561 turns).

ohad the Changer (Demigod Transmuter)               Turns: 3561, Time: 00:06:43

Health: 0/34       AC:  2    Str: 10 (13) XL:     4   Next: 42%
Magic:  9/9        EV: 12    Int: 16 (19) God:
Gold:   160        SH:  0    Dex: 15 (16) Spells: 0/6 levels left

rFire    . . .     SeeInvis +     - Unarmed
rCold    . . .     Gourm    .   (no shield)
rNeg     . . .     Faith    .   b - +0 robe
rPois    .         Spirit   .   (no helmet)
rElec    .         Reflect  .   (no cloak)
rCorr    .         Harm     .   (no gloves)
MR       .....                  (no boots)
Stlth    ..........             (no amulet)
HPRegen  0.11/turn              n - ring of see invisible
MPRegen  0.11/turn              t - ring of attention (curse)

@: lethally poisoned (0 -> -11), appendage (expiring), flying
A: horns 2, high mp 1
a: End Transformation


You were on level 3 of the Dungeon.
You were not hungry.
You had grown temporary horns.
You visited 1 branch of the dungeon, and saw 3 of its levels.

You collected 160 gold pieces.

Inventory:

Missiles
 a - 12 arrows
 i - 51 bolts
 r - 7 javelins (quivered)
Armour
 b - a +0 robe (worn)
 l - a +0 scale mail
 m - a +0 leather armour
 p - a +0 ring mail
Jewellery
 n - a ring of see invisible (left hand)
 t - a cursed ring of attention (right hand)
Scrolls
 c - 3 scrolls of amnesia
 e - 4 scrolls of identify {unknown}
 g - 2 scrolls of remove curse {unknown}
 j - 2 scrolls of teleportation {unknown}
 k - a scroll of noise {unknown}
 o - a scroll of immolation {unknown}
 q - a scroll of magic mapping {unknown}
 s - a scroll of enchant weapon {unknown}
Potions
 h - a potion of magic
 u - a potion of degeneration
Comestibles
 d - 6 rations


   Skills:
 - Level 0.8 Fighting
 - Level 1.7 Dodging
 - Level 2.6 Unarmed Combat
 + Level 1.8 Spellcasting
 - Level 4.5 Transmutations


You couldn't memorise any spells.
You knew the following spells:

 Your Spells              Type           Power        Failure   Level  Hunger
a - Beastly Appendage     Tmut           ###...       3%          1    ##.....
b - Sticks to Snakes      Tmut           ###.....     4%          2    ###....
c - Spider Form           Tmut/Pois      #.........   26%         3    ####...

Your spell library contained the following spells:

 Spells                   Type           Power        Failure   Level  Hunger
 Ice Form                 Ice/Tmut       #.......     63%         4    #####..
 Blade Hands              Tmut           ###.......   67%         5    ######.


Dungeon Overview and Level Annotations

Branches:
Dungeon (3/15)

Annotations:
D:2 exclusion: oklob plant


Innate Abilities, Weirdness & Mutations

You have an increased reservoir of magic. (+10% MP)
You have a pair of horns on your head.


Message History

You feel sick. The adder misses you.
You closely miss the adder.
The adder is almost dead.
You feel sick. The adder bites you.
* * * LOW HITPOINT WARNING * * *
It was a potion of magic.
Magic courses through your body.
* * * LOW HITPOINT WARNING * * *
You feel sick. The adder bites you.
* * * LOW HITPOINT WARNING * * *
The adder bites you.
* * * LOW HITPOINT WARNING * * *
It was a potion of degeneration.
There was something very wrong with that liquid.
You feel weakened.
You feel dopey.
You feel clumsy.
* * * LOW HITPOINT WARNING * * *
You feel sick. The adder misses you.
It was a potion of flight.
You feel very buoyant.
You fly up into the air.
You die...

..# #.# #.# #.# #.# #####
#######.##############....
.....................'....
#######.######...#####....
........S@...'...+........
########'######...#########
#...........# #...# #..
#...........# #...# ###..
#...........# #...# #....
#...........# ##### #....
#...........# #...#
########+#### #... #..


You could see an adder.

Vanquished Creatures
  A gnoll (D:1)
  3 adders
  An ooze (D:1)
  A worm (D:2)
  4 dart slugs
  An orc (D:3)
  4 giant cockroaches
  15 goblins
  4 hobgoblins
  7 jackals
  6 bats
  2 frilled lizards (D:2)
  6 kobolds
  8 rats
63 creatures vanquished.

Notes
Turn   | Place    | Note
-------+----------+-------------------------------------------
     0 | D:1      | ohad the Demigod Transmuter began the quest for the Orb.
     0 | D:1      | Reached XP level 1. HP: 15/15 MP: 5/5
    25 | D:1      | Reached skill level 2 in Transmutations
   227 | D:1      | Reached XP level 2. HP: 6/22 MP: 5/7
   775 | D:1      | Reached skill level 3 in Transmutations
   939 | D:1      | Reached XP level 3. HP: 20/27 MP: 6/8
  1040 | D:1      | Learned a level 2 spell: Sticks to Snakes
  2232 | D:2      | Reached skill level 4 in Transmutations
  2506 | D:2      | Reached XP level 4. HP: 22/34 MP: 9/9
  2520 | D:2      | Learned a level 3 spell: Spider Form
  2766 | D:2      | Found a blossoming altar of Fedhas.
  2787 | D:2      | Noticed an oklob plant
  3045 | D:3      | Found a hide-covered altar of Uskayaw.
  3055 | D:3      | Found a burning altar of Makhleb.
  3066 | D:3      | Found a snail-covered altar of Cheibriados.
  3066 | D:3      | Found a sparkling altar of Nemelex Xobeh.
  3066 | D:3      | Found a bloodstained altar of Trog.
  3305 | D:3      | Found a sacrificial altar of Ru.
  3560 | D:3      | HP: 1/34 [poisoned by an adder]
  3561 | D:3      | Succumbed to an adder's poison

Levels and vault maps discovered:
D:1:      psy_arrival_conway, layout_basic, minmay_pentomino_p4
D:2:      layout_loops_ring, kennysheep_small_spiral, tgw_fedhas
D:3:      layout_basic, nicolae_ru_the_path_less_chosen,
          grunt_temple_overflow_open, minmay_misc_feat_plants

Skill      XL: |  1  2  3 |
---------------+----------+-----
Transmutations | 2 3 4 |  4.5
Fighting       | |  0.8
Dodging        | |  1.7
Unarmed Combat | |  2.6
Spellcasting   | |  1.8

Action                   |  1- 3 |  4- 6 || total
-------------------------+-------+-------++-------
Melee: Unarmed           |   147 |    65 ||   212
       Kick              |    11 |     1 ||    12
       Headbutt          |    13 |     7 ||    20
       Punch             |     1 |     2 ||     3
 Cast: Beastly Appendage |    26 |     8 ||    34
       Spider Form       |       |     1 ||     1
  Use: Potion            |       |     3 ||     3
 Stab: Sleeping          |     1 |       ||     1
  Eat: Chunk             |     5 |     4 ||     9
Armor: Robe              |    25 |     8 ||    33
Dodge: Dodged            |   101 |    38 ||   139

Table legend:
 A = Non-vault XP
 B = Vault XP
 C = Vault XP percentage of total XP
 D = Non-vault monster count
 E = Vault monster count
 F = Vault count percentage of total count
                 A         B        C        D         E       F
            +---------+---------+-------+---------+---------+-------
      Total |     150 |      16 |   9.6 |      61 |       2 |   3.2
            +---------+---------+-------+---------+---------+-------
        D:1 |      61 |      16 |  20.8 |      32 |       2 |   5.9
        D:2 |      57 |       0 |   0.0 |      20 |       0 |   0.0
        D:3 |      32 |       0 |   0.0 |       9 |       0 |   0.0
            +---------+---------+-------+---------+---------+-------
